 Dungeon Crawl Stone Soup version 0.31-a0-232-gb1c03b2570 (webtiles) character file.

Game seed: 18146627932857057984

21221 qw the Marksgargoyle (level 12, -10/78 HPs)
             Began as a Gargoyle Hexslinger on July 6, 2023.
             Was an Elder of Okawaru.
             Mangled by a death yak (13 damage)
             ... on level 1 of the Lair of Beasts.
             The game lasted 00:06:16 (12110 turns).

qw the Marksgargoyle (Gargoyle Hexslinger)         Turns: 12110, Time: 00:06:16

Health: -10/78     AC: 31    Str: 13    XL:     12   Next: 87%
Magic:  16/17      EV: 16    Int: 17    God:    Okawaru [****..]
Gold:   1027       SH:  0    Dex: 19    Spells: 12/13 levels left

rFire   + . .        Y - +1 orcbow
rCold   . . .        (shield currently unavailable)
rNeg    + . .        l - +3 ring mail of Masor {Rampage Int+3 Dex+3}
rPois   inf          p - +2 hat
rElec   +            (no cloak)
rCorr   .            b - +2 pair of gloves
SInv    .            i - +2 pair of boots
Will    +....        a - amulet of faith
Stlth   ++           t - ring of willpower
HPRegen 0.33/turn    j - +4 ring of protection
MPRegen 0.15/turn

%: rampage, faith
@: about to teleport, heroic
A: sickness immunity, AC +8, negative energy resistance 1, electricity
resistance, torment resistance 1, petrification resistance, fire resistance 1,
subdued magic 1
a: Renounce Religion, Heroism, Finesse


You were on level 1 of the Lair of Beasts.
You worshipped Okawaru.
Okawaru was greatly pleased with you.
You visited 3 branches of the dungeon, and saw 13 of its levels.

You collected 1430 gold pieces.
You spent 403 gold pieces at shops.


Innate Abilities, Weirdness & Mutations

You are immune to sickness and miasma.
Your stone body is resilient. (AC +8)
You are immune to poison.
You resist negative energy. (rN+)
You are resistant to electric shocks. (rElec)
You are resistant to unholy torment.
You are immune to petrification.
Your flesh is heat resistant. (rF+)
Your spells are a little easier to cast, but a little less powerful.


   Skills:
 + Level 10.4(15.4) Fighting
 - Level 16.0(21.0) Ranged Weapons
 - Level 5.1(10.1) Armour
 - Level 5.0(10.0) Dodging
 - Level 1.0 Spellcasting
 - Level 2.6 Hexes
 + Level 7.0 Invocations


You had 12 spell levels left.
You knew the following spells:

 Your Spells              Type           Power      Damage    Failure   Level
a - Slow                  Hex            28%        N/A       11%         1

Your spell library contained the following spells:

 Spells                   Type           Power      Damage    Failure   Level
 Inner Flame              Hex/Fire       4%         N/A       52%         3
 Portal Projectile        Hex/Tloc       8%         N/A       52%         3
 Cause Fear               Hex            3%         N/A       75%         4

Inventory:

Hand Weapons
 Y - a +1 orcbow (weapon)
Armour
 b - a +2 pair of gloves (worn)
 i - a +2 pair of boots (worn)
 l - the +3 ring mail of Masor (worn) {Rampage Int+3 Dex+3}
   (You acquired it on level 4 of the Dungeon)

   Int:       It affects your intelligence (+3).
   Dex:       It affects your dexterity (+3).
   Rampage:   It bestows one free step when moving towards enemies.
 p - a +2 hat (worn)
Jewellery
 a - an amulet of faith (around neck)
 c - a +6 ring of strength
 d - the ring "Baith" {Fire +Blink}
   (You acquired it on level 4 of the Dungeon)

   [ring of fire]

   It enhances your fire magic.
   rF:        It protects you from fire.
   rC:        It makes you vulnerable to cold.
   +Blink:    It lets you blink.
 j - a +4 ring of protection (right hand)
 t - a ring of willpower (left hand)
 u - a ring of resist corrosion
Wands
 v - a wand of digging (4)
Scrolls
 e - 5 scrolls of enchant armour
 o - a scroll of identify
Potions
 g - a potion of enlightenment
 h - 4 potions of curing
 k - 4 potions of haste
 m - 2 potions of mutation
 n - a potion of cancellation
 q - 2 potions of might
 s - a potion of ambrosia {unknown}

Dungeon Overview and Level Annotations

Branches:
Dungeon (11/15)            Temple (1/1) D:5            Lair (1/5) D:11
    Orc (0/2) D:11

Altars:
Ashenzari
Cheibriados
Dithmenos
Elyvilon
Fedhas
Gozag
Hepliaklqana
Kikubaaqudgha
Makhleb
Nemelex Xobeh
Okawaru
Qazlal
Ru
Sif Muna
Trog
Uskayaw
Vehumet
Wu Jian
Xom
Yredelemnul
Zin
The Shining One

Shops:
D:5 ?   D:9 [

Annotations:
D:8 3 runed translucent doors, qw's ghost, novice MiHs
D:9 1 runed translucent door, qw's ghost, novice GrFi


Message History

You feel like a meek peon again.
The death yak gores you but does no damage.
12101 ||| INVOKING Heroism.
You gain the combat prowess of a mighty hero.
The death yak gores you. x2
You shoot an arrow.
The arrow hits the death yak but does no damage.
The death yak is lightly wounded.
The death yak misses you.
The death yak gores you but does no damage.
You shoot an arrow.
The arrow hits the death yak but does no damage.
The death yak is lightly wounded.
The death yak closely misses you.
You shoot an arrow. The arrow hits the death yak!
The death yak is moderately wounded.
The death yak barely misses you. The death yak closely misses you.
You shoot an arrow. The arrow hits the death yak!
The death yak is moderately wounded.
The death yak gores you. The death yak closely misses you.
You shoot an arrow. The arrow hits the death yak!
The death yak is heavily wounded.
The death yak gores you but does no damage.
You shoot an arrow.
The arrow hits the death yak but does no damage.
The death yak is heavily wounded.
The death yak gores you but does no damage.
The death yak gores you!!
12108 ||| READING scroll of teleportation.
As you read the scroll of teleportation, it crumbles to dust.
You feel strangely unstable.
The death yak gores you but does no damage. x2
You shoot an arrow. The arrow hits the death yak!
The death yak is severely wounded.
The death yak closely misses you.
You shoot an arrow.
The arrow hits the death yak but does no damage.
The death yak is severely wounded.
The death yak gores you!
You die...

###..##
###.#.#...#.......#...##
#.....#
#........#......##..#
#.....#
#.......###.....#..##
#}.}.}# ##..#####
#####.#P.# #.....# ####
#.#..# ##.}.## ######
#.##.# ##.####
######.##.#####.##.#
#.###.###
#...............#P.#
........# .#
#.@Y...........#
.#####.####.#
##Y##.#.#P###### .#
#.##...###...####### .#
#...........##
#######..##.####.#
###.P##.###.# ###
............#
######.###### ###


You could see 2 death yaks.

Vanquished Creatures
  A centaur warrior (D:11)
  Erica (D:8)
  A boulder beetle (D:10)
  3 two-headed ogres
  8 death yaks (Lair:1)
  Pikel (D:7)
  An ugly thing (D:10)
  A manticore (D:11)
  Joseph (D:7)
  A cyclops (D:11)
  A black mamba (Lair:1)
  A gargoyle (D:10)
  A cane toad (Lair:1)
  3 komodo dragons
  An unseen horror (D:9)
  3 trolls
  Prince Ribbit (D:5)
  A hornet (D:8)
  12 yaks
  2 wyverns
  A basilisk (Lair:1)
  An acid dragon (D:8)
  6 water moccasins
  Duvessa (D:7)
  An ice beast (D:7)
  2 sky beasts (D:7)
  5 black bears
  6 wolves (Lair:1)
  3 ogres
  12 centaurs
  3 kobold brigands
  2 lemures (D:7)
  A gnoll sergeant (D:11)
  6 bullfrogs
  10 scorpions
  8 wights
  Dowan (D:7)
  5 killer bees (D:8)
  A howler monkey (D:7)
  7 electric eels (D:7)
  An orc priest (D:9)
  4 jellies
  2 gnoll boudas
  3 hounds
  Ijyb (D:4)
  Terence (D:3)
  2 iguanas (D:5)
  7 orc wizards
  18 gnolls
  13 adders
  2 ufetubi
  2 worms (D:2)
  3 dart slugs
  25 orcs
  8 bats
  5 endoplasms
  3 giant cockroaches
  3 goblins
  4 hobgoblins
  3 jackals (D:1)
  3 quokkas
  5 ball pythons
  A frilled lizard (D:1)
  14 kobolds
  5 rats
265 creatures vanquished.

Vanquished Creatures (others)
  A human (D:5)
  A gnoll (D:7)
2 creatures vanquished.

Grand Total: 267 creatures vanquished

Notes
Turn   | Place    | Note
-------+----------+-------------------------------------------
     0 | D:1      | qw the Gargoyle Hexslinger began the quest for the Orb.
     0 | D:1      | Reached XP level 1. HP: 12/12 MP: 2/2
     0 | D:1      | 0 ||| qw: Version: 0.3-a-46-gb1f654a
     0 | D:1      | 0 ||| qw: Game counter: 2010
     0 | D:1      | 0 ||| qw: Melee chars always use a shield: true
     0 | D:1      | 0 ||| qw: God list: Okawaru
     0 | D:1      | 0 ||| qw: Allow faded altars: false
     0 | D:1      | 0 ||| qw: Do Orc after clearing Dungeon:15 true
     0 | D:1      | 0 ||| qw: Do second Lair branch before Depths: true
     0 | D:1      | 0 ||| qw: Lair rune preference: random
     0 | D:1      | 0 ||| qw: Goals: Normal
     0 | D:1      | 0 ||| PLANNING D:1-11
   116 | D:1      | Found a faded altar of an unknown god.
   212 | D:1      | Reached XP level 2. HP: 16/16 MP: 3/3
   271 | D:1      | Reached skill level 3 in Ranged Weapons
   829 | D:1      | 829 ||| UPGRADING to +0 leather armour.
   839 | D:1      | 839 ||| DROPPING +0 robe.
   840 | D:1      | 840 ||| UPGRADING to +0 ring mail.
   850 | D:1      | 850 ||| DROPPING +0 leather armour.
   851 | D:1      | 851 ||| UPGRADING to +6 ring of strength.
   852 | D:1      | 852 ||| UPGRADING to +4 ring of protection.
   853 | D:1      | 853 ||| READING scroll labelled GOTES EDICVA.
   854 | D:1      | 854 ||| READING 5 scrolls labelled OHURHAE SEOX.
   855 | D:1      | 855 ||| READING scroll labelled KISAODGH FOEV.
   856 | D:1      | 856 ||| DROPPING scroll of poison.
   927 | D:2      | Reached XP level 3. HP: 21/21 MP: 4/4
  1318 | D:2      | Reached XP level 4. HP: 26/26 MP: 5/5
  1354 | D:2      | 1354 ||| READING scroll labelled COGUBU VUNOCY.
  1359 | D:2      | 1359 ||| READING scroll labelled HUIGIU OGECW.
  1360 | D:2      | 1360 ||| DRINKING 2 white potions.
  1388 | D:3      | Reached skill level 4 in Ranged Weapons
  1426 | D:3      | Found a hide-covered altar of Uskayaw.
  1538 | D:3      | Reached skill level 1 in Armour
  1573 | D:3      | Found an ornate altar of the Wu Jian Council.
  1582 | D:3      | Reached XP level 5. HP: 30/30 MP: 6/6
  1591 | D:3      | Noticed Terence
  1610 | D:3      | Killed Terence
  1764 | D:3      | Reached skill level 5 in Ranged Weapons
  1865 | D:3      | 1865 ||| READING scroll labelled ATECA FUABEJUFFA.
  1866 | D:3      | 1866 ||| DRINKING 2 clear potions.
  1867 | D:3      | 1867 ||| DROPPING potion of attraction.
  1898 | D:4      | Noticed Ijyb
  1916 | D:4      | HP: 5/30 [Ijyb/puff of flame (6)]
  1917 | D:4      | 1917 ||| DRINKING 2 potions of heal wounds.
  1928 | D:4      | Killed Ijyb
  1930 | D:4      | HP: 6/32 [orc/+0 hand axe (5)]
  1931 | D:4      | 1931 ||| DRINKING potion of heal wounds.
  2010 | D:4      | Reached skill level 3 in Fighting
  2011 | D:4      | 2011 ||| FLEEEEING.
  2012 | D:4      | 2012 ||| FLEEEEING.
  2013 | D:4      | 2013 ||| FLEEEEING.
  2014 | D:4      | 2014 ||| FLEEEEING.
  2015 | D:4      | 2015 ||| FLEEEEING.
  2065 | D:4      | Found a basalt altar of Yredelemnul.
  2084 | D:4      | Reached XP level 6. HP: 36/37 MP: 7/7
  2362 | D:4      | Reached skill level 6 in Ranged Weapons
  2561 | D:4      | Reached XP level 7. HP: 30/44 MP: 8/8
  2655 | D:4      | Found the +11 Singing Sword {sonic wave}
  2726 | D:4      | Reached skill level 7 in Ranged Weapons
  2968 | D:4      | 2968 ||| UPGRADING to +0 pair of gloves.
  2973 | D:4      | 2973 ||| READING 6 scrolls of enchant armour.
  2973 | D:4      | 2973 ||| ENCHANTING +0 pair of gloves.
  2974 | D:4      | 2974 ||| READING 5 scrolls of enchant armour.
  2974 | D:4      | 2974 ||| ENCHANTING +1 pair of gloves.
  2975 | D:4      | 2975 ||| READING scroll labelled XINAT OCIEPSAE.
  2976 | D:4      | 2976 ||| READING scroll labelled RIDDIWKISCH.
  2977 | D:4      | 2977 ||| READING scroll labelled SESYNY WUME.
  2978 | D:4      | 2978 ||| READING 2 scrolls labelled PECUFO WALLIRPHAWIM.
  2978 | D:4      | Identified 2 scrolls of acquirement
  2978 | D:4      | 2978 ||| ACQUIRING ring "Baith" {Fire +Blink}
  2978 | D:4      | Acquired the ring "Baith" {Fire +Blink}
  2980 | D:4      | 2980 ||| READING scroll of acquirement.
  2980 | D:4      | 2980 ||| ACQUIRING +3 ring mail of Masor {Rampage Int+3
                  | Dex+3}
  2980 | D:4      | Acquired the +3 ring mail of Masor {Rampage Int+3 Dex+3}
  2982 | D:4      | 2982 ||| UPGRADING to +3 ring mail of Masor {Rampage Int+3
                  | Dex+3}.
  2992 | D:4      | 2992 ||| DROPPING +0 ring mail.
  2993 | D:4      | 2993 ||| READING scroll labelled NICOETZABAM.
  3039 | D:5      | Entered Level 5 of the Dungeon
  3067 | D:5      | 3067 ||| READING scroll of enchant weapon.
  3067 | D:5      | 3067 ||| ENCHANTING +2 sling.
  3217 | D:5      | Reached XP level 8. HP: 44/48 MP: 9/9
  3234 | D:5      | 3234 ||| READING scroll of acquirement.
  3234 | D:5      | 3234 ||| ACQUIRING 735 gold pieces
  3234 | D:5      | Acquired 735 gold pieces
  3249 | D:5      | Found Louchug's Magic Scroll Boutique.
  3268 | D:5      | Reached skill level 8 in Ranged Weapons
  3273 | D:5      | Noticed Prince Ribbit
  3289 | D:5      | Killed Prince Ribbit
  3290 | D:5      | Reached skill level 3 in Armour
  3399 | D:5      | Found a staircase to the Ecumenical Temple.
  3400 | D:5      | 3400 ||| PLANNING TEMPLE
  3400 | D:5      | 3400 ||| DRINKING 2 viscous coppery potions.
  3401 | D:5      | 3401 ||| DRINKING 2 golden potions.
  3402 | D:5      | 3402 ||| DROPPING potion of degeneration.
  3408 | Temple   | Entered the Ecumenical Temple
  3417 | Temple   | 3417 ||| PLANNING OKAWARU WORSHIP
  3457 | Temple   | Became a worshipper of Warmaster Okawaru
  3458 | Temple   | 3458 ||| PLANNING D:1-11
  3641 | D:5      | Found an ancient bone altar of Kikubaaqudgha.
  3824 | D:5      | 3824 ||| DRINKING 2 orange potions.
  4091 | D:6      | Reached skill level 9 in Ranged Weapons
  4267 | D:6      | 4267 ||| FLEEEEING.
  4317 | D:6      | 4317 ||| UPGRADING to +0 pair of boots.
  4322 | D:6      | 4322 ||| READING 6 scrolls of enchant armour.
  4322 | D:6      | 4322 ||| ENCHANTING +0 pair of boots.
  4323 | D:6      | 4323 ||| READING 5 scrolls of enchant armour.
  4323 | D:6      | 4323 ||| ENCHANTING +1 pair of boots.
  4328 | D:6      | 4328 ||| STAIRDANCE
  4332 | D:5      | 4332 ||| BUYING scroll of enchant armour (82 gold).
  4332 | D:5      | Bought a scroll of enchant armour for 82 gold pieces
  4332 | D:5      | 4332 ||| BUYING scroll of identify (22 gold).
  4332 | D:5      | Bought a scroll of identify for 22 gold pieces
  4332 | D:5      | 4332 ||| BUYING scroll of teleportation (33 gold).
  4332 | D:5      | Bought a scroll of teleportation for 33 gold pieces
  4332 | D:5      | 4332 ||| READING 2 scrolls of identify.
  4332 | D:5      | 4332 ||| IDENTIFYING fuming silvery potion
  4333 | D:5      | 4333 ||| DROPPING potion of brilliance.
  4450 | D:6      | 4450 ||| DRINKING potion of curing.
  4450 | D:6      | 4450 ||| (to cure confusion)
  4459 | D:6      | Found a shimmering altar of Xom.
  4511 | D:6      | Reached skill level 6 in Fighting
  4636 | D:6      | Reached XP level 9. HP: 47/55 MP: 10/10
  4884 | D:6      | Reached * piety under Okawaru
  4919 | D:7      | Noticed Joseph
  4924 | D:7      | 4924 ||| INVOKING Heroism.
  4931 | D:7      | Killed Joseph
  4932 | D:7      | Reached skill level 10 in Ranged Weapons
  5084 | D:7      | Reached skill level 1 in Invocations
  5117 | D:7      | 5117 ||| SWAPPING to +0 orcbow.
  5120 | D:7      | 5120 ||| DROPPING +3 sling.
  5145 | D:7      | Reached ** piety under Okawaru
  5219 | D:7      | 5219 ||| INVOKING Heroism.
  5221 | D:7      | Noticed Pikel
  5234 | D:7      | Reached skill level 3 in Dodging
  5240 | D:7      | 5240 ||| INVOKING Heroism.
  5245 | D:7      | Killed Pikel
  5266 | D:7      | 5266 ||| FLEEEEING.
  5274 | D:7      | 5274 ||| INVOKING Heroism.
  5347 | D:7      | Found a snail-covered altar of Cheibriados.
  5366 | D:7      | 5366 ||| INVOKING Heroism.
  5419 | D:7      | 5419 ||| INVOKING Heroism.
  5427 | D:7      | Reached XP level 10. HP: 59/63 MP: 11/13
  5460 | D:7      | 5460 ||| INVOKING Heroism.
  5479 | D:7      | 5479 ||| INVOKING Heroism.
  5498 | D:7      | 5498 ||| Stepping ~*~*~tactically~*~*~ (water).
  5500 | D:7      | 5500 ||| Stepping ~*~*~tactically~*~*~ (water).
  5510 | D:7      | Reached skill level 11 in Ranged Weapons
  5516 | D:7      | 5516 ||| Stepping ~*~*~tactically~*~*~ (water).
  5518 | D:7      | 5518 ||| Stepping ~*~*~tactically~*~*~ (water).
  5520 | D:7      | 5520 ||| Stepping ~*~*~tactically~*~*~ (water).
  5522 | D:7      | 5522 ||| Stepping ~*~*~tactically~*~*~ (water).
  5523 | D:7      | 5523 ||| INVOKING Heroism.
  5540 | D:7      | 5540 ||| Stepping ~*~*~tactically~*~*~ (water).
  5542 | D:7      | 5542 ||| Stepping ~*~*~tactically~*~*~ (water).
  5544 | D:7      | 5544 ||| Stepping ~*~*~tactically~*~*~ (water).
  5546 | D:7      | 5546 ||| Stepping ~*~*~tactically~*~*~ (water).
  5548 | D:7      | 5548 ||| Stepping ~*~*~tactically~*~*~ (water).
  5550 | D:7      | 5550 ||| Stepping ~*~*~tactically~*~*~ (water).
  5552 | D:7      | 5552 ||| Stepping ~*~*~tactically~*~*~ (water).
  5554 | D:7      | 5554 ||| Stepping ~*~*~tactically~*~*~ (water).
  5556 | D:7      | 5556 ||| Stepping ~*~*~tactically~*~*~ (water).
  5558 | D:7      | 5558 ||| Stepping ~*~*~tactically~*~*~ (water).
  5571 | D:7      | 5571 ||| Stepping ~*~*~tactically~*~*~ (water).
  5573 | D:7      | 5573 ||| Stepping ~*~*~tactically~*~*~ (water).
  5575 | D:7      | 5575 ||| Stepping ~*~*~tactically~*~*~ (water).
  5577 | D:7      | 5577 ||| Stepping ~*~*~tactically~*~*~ (water).
  5579 | D:7      | 5579 ||| Stepping ~*~*~tactically~*~*~ (water).
  5581 | D:7      | 5581 ||| Stepping ~*~*~tactically~*~*~ (water).
  5584 | D:7      | 5584 ||| Stepping ~*~*~tactically~*~*~ (water).
  5587 | D:7      | 5587 ||| Stepping ~*~*~tactically~*~*~ (water).
  5589 | D:7      | 5589 ||| Stepping ~*~*~tactically~*~*~ (water).
  5592 | D:7      | 5592 ||| INVOKING Heroism.
  5634 | D:7      | 5634 ||| Stepping ~*~*~tactically~*~*~ (water).
  5640 | D:7      | 5640 ||| Stepping ~*~*~tactically~*~*~ (water).
  5642 | D:7      | 5642 ||| Stepping ~*~*~tactically~*~*~ (water).
  5650 | D:7      | 5650 ||| Stepping ~*~*~tactically~*~*~ (cloud).
  5653 | D:7      | 5653 ||| Stepping ~*~*~tactically~*~*~ (water).
  5655 | D:7      | 5655 ||| Stepping ~*~*~tactically~*~*~ (water).
  5696 | D:7      | 5696 ||| INVOKING Heroism.
  5813 | D:7      | Noticed Duvessa
  5814 | D:7      | Noticed Dowan
  5816 | D:7      | 5816 ||| INVOKING Heroism.
  5821 | D:7      | Killed Duvessa
  5830 | D:7      | Killed Dowan
  5979 | D:7      | 5979 ||| INVOKING Heroism.
  6088 | D:7      | 6088 ||| UPGRADING to ring of willpower.
  6090 | D:7      | 6090 ||| READING scroll labelled HOLAFI SETI.
  6091 | D:7      | 6091 ||| DRINKING 2 grey potions.
  6092 | D:7      | 6092 ||| DROPPING potion of invisibility.
  6313 | D:8      | Found a runed translucent gate.
  6314 | D:8      | Found a runed translucent gate.
  6315 | D:8      | Found a runed translucent gate.
  6315 | D:8      | Noticed an 11-headed hydra
  6316 | D:8      | Noticed qw's ghost (novice MiHs)
  6323 | D:8      | Found a radiant altar of Vehumet.
  6368 | D:8      | Noticed Erica
  6369 | D:8      | 6369 ||| INVOKING Heroism.
  6386 | D:8      | 6386 ||| DRINKING 2 potions of curing.
  6386 | D:8      | 6386 ||| (to cure confusion)
  6387 | D:8      | Killed Erica
  6682 | D:8      | 6682 ||| INVOKING Heroism.
  6687 | D:8      | Reached skill level 12 in Ranged Weapons
  6793 | D:8      | Found a sacrificial altar of Ru.
  6892 | D:8      | 6892 ||| READING scroll labelled BYLILI IKLE.
  6893 | D:8      | 6893 ||| DRINKING 2 purple potions.
  6934 | D:8      | 6934 ||| DRINKING 2 fuming coppery potions.
  6935 | D:8      | 6935 ||| DROPPING potion of lignification.
  6948 | D:9      | Found Jekhlere's Armour Shop.
  6951 | D:9      | 6951 ||| STAIRDANCE
  6963 | D:8      | 6963 ||| INVOKING Heroism.
  7157 | D:9      | 7157 ||| STAIRDANCE
  7160 | D:8      | 7160 ||| INVOKING Heroism.
  7168 | D:8      | HP: 12/64 [wyvern (13)]
  7169 | D:8      | 7169 ||| READING scroll of teleportation.
  7170 | D:8      | 7170 ||| DRINKING potion of heal wounds.
  7328 | D:9      | 7328 ||| BUYING +0 helmet (58 gold).
  7328 | D:9      | Bought a +0 helmet for 58 gold pieces
  7328 | D:9      | 7328 ||| BUYING +2 hat (208 gold).
  7328 | D:9      | Bought a +2 hat for 208 gold pieces
  7393 | D:9      | 7393 ||| INVOKING Heroism.
  7416 | D:9      | Killed an unseen horror
  7708 | D:9      | Found a runed translucent door.
  7710 | D:9      | Noticed a tengu warrior
  7710 | D:9      | Noticed qw's ghost (novice GrFi)
  7966 | D:9      | 7966 ||| Stepping ~*~*~tactically~*~*~ (outnumbered).
  7968 | D:9      | 7968 ||| Stepping ~*~*~tactically~*~*~ (outnumbered).
  7973 | D:9      | 7973 ||| Stepping ~*~*~tactically~*~*~ (outnumbered).
  7989 | D:9      | Reached skill level 13 in Ranged Weapons
  8074 | D:9      | 8074 ||| Stepping ~*~*~tactically~*~*~ (outnumbered).
  8119 | D:9      | 8119 ||| INVOKING Heroism.
  8125 | D:9      | Reached XP level 11. HP: 68/69 MP: 11/14
  8199 | D:9      | 8199 ||| UPGRADING to +0 helmet.
  8204 | D:9      | 8204 ||| UPGRADING to +2 hat.
  8214 | D:9      | 8214 ||| DROPPING +0 helmet.
  8215 | D:9      | 8215 ||| READING scroll labelled SEAGOW ACINOI.
  8216 | D:9      | 8216 ||| DRINKING 2 sedimented orange potions.
  8217 | D:9      | 8217 ||| READING 2 scrolls of identify.
  8217 | D:9      | 8217 ||| IDENTIFYING sapphire potion
  8218 | D:9      | 8218 ||| DROPPING potion of berserk rage.
  8250 | D:10     | Entered Level 10 of the Dungeon
  8250 | D:10     | Found a hazy altar of Hepliaklqana.
  8250 | D:10     | Found a broken altar of Ashenzari.
  8250 | D:10     | Found a bloodstained altar of Trog.
  8270 | D:10     | 8270 ||| INVOKING Heroism.
  8388 | D:10     | Reached skill level 9 in Fighting
  8479 | D:10     | Found a burning altar of Makhleb.
  8598 | D:10     | Noticed a two-headed ogre
  8599 | D:10     | 8599 ||| INVOKING Heroism.
  8613 | D:10     | Killed a two-headed ogre
  9016 | D:11     | Noticed a two-headed ogre
  9017 | D:11     | 9017 ||| INVOKING Heroism.
  9026 | D:11     | Killed a two-headed ogre
  9033 | D:11     | Noticed a centaur warrior
  9033 | D:11     | Noticed a red ugly thing
  9043 | D:11     | Noticed a boulder beetle
  9046 | D:11     | Killed a centaur warrior
  9047 | D:11     | 9047 ||| STAIRDANCE
  9051 | D:10     | 9051 ||| INVOKING Heroism.
  9052 | D:10     | Killed a red ugly thing
  9155 | D:11     | 9155 ||| INVOKING Heroism.
  9175 | D:11     | 9175 ||| STAIRDANCE
  9217 | D:11     | 9217 ||| INVOKING Heroism.
  9240 | D:11     | Reached skill level 14 in Ranged Weapons
  9242 | D:11     | 9242 ||| INVOKING Heroism.
  9257 | D:11     | 9257 ||| STAIRDANCE
  9407 | D:11     | 9407 ||| INVOKING Heroism.
  9427 | D:11     | 9427 ||| STAIRDANCE
  9429 | D:10     | 9429 ||| INVOKING Heroism.
  9436 | D:10     | HP: 16/71 [boulder beetle (32)]
  9440 | D:10     | Killed a boulder beetle
  9440 | D:10     | Reached *** piety under Okawaru
  9615 | D:11     | 9615 ||| INVOKING Heroism.
  9633 | D:11     | Found a staircase to the Lair.
  9638 | D:11     | Noticed a two-headed ogre
  9673 | D:11     | 9673 ||| INVOKING Heroism.
  9763 | D:11     | 9763 ||| INVOKING Heroism.
  9805 | D:11     | 9805 ||| INVOKING Heroism.
  9812 | D:11     | Killed a two-headed ogre
  9840 | D:11     | Found a staircase to the Orcish Mines.
  9862 | D:11     | Noticed a cyclops
  9863 | D:11     | 9863 ||| INVOKING Heroism.
  9869 | D:11     | Killed a cyclops
  9932 | D:11     | 9932 ||| READING scroll of enchant weapon.
  9932 | D:11     | 9932 ||| ENCHANTING +0 orcbow.
  9970 | D:11     | 9970 ||| Stepping ~*~*~tactically~*~*~ (outnumbered).
  9973 | D:11     | 9973 ||| Stepping ~*~*~tactically~*~*~ (outnumbered).
  9978 | D:11     | 9978 ||| Stepping ~*~*~tactically~*~*~ (outnumbered).
  9998 | D:11     | 9998 ||| FLEEEEING.
 10139 | D:11     | 10139 ||| INVOKING Heroism.
 10143 | D:11     | Reached XP level 12. HP: 77/77 MP: 12/15
 10389 | D:11     | 10389 ||| INVOKING Heroism.
 10401 | D:11     | Reached skill level 15 in Ranged Weapons
 10525 | D:11     | 10525 ||| PLANNING LAIR
 10525 | D:11     | 10525 ||| UPGRADING to amulet of faith.
 10530 | D:11     | 10530 ||| DRINKING 3 bubbling golden potions.
 10530 | D:11     | Gained mutation: Your spells are a little easier to cast,
                  | but a little less powerful. [potion of mutation]
 10530 | D:11     | Gained mutation: Your flesh is heat resistant. (rF+)
                  | [potion of mutation]
 10531 | D:11     | 10531 ||| READING 2 scrolls of identify.
 10531 | D:11     | 10531 ||| IDENTIFYING viscous grey potion
 10544 | Lair:1   | Entered Level 1 of the Lair of Beasts
 10545 | Lair:1   | 10545 ||| PLANNING GAUNTLET
 10604 | Lair:1   | 10604 ||| FLEEEEING.
 10605 | Lair:1   | 10605 ||| STAIRDANCE
 10795 | Lair:1   | Noticed a death yak
 10796 | Lair:1   | 10796 ||| INVOKING Heroism.
 10796 | Lair:1   | Noticed a death yak
 10799 | Lair:1   | Noticed a death yak
 10799 | Lair:1   | Noticed a catoblepas
 10800 | Lair:1   | Noticed a death yak
 10817 | Lair:1   | Killed a death yak
 10817 | Lair:1   | Reached **** piety under Okawaru
 10818 | Lair:1   | 10818 ||| INVOKING Heroism.
 10831 | Lair:1   | HP: 17/77 [basilisk (5)]
 10832 | Lair:1   | 10832 ||| READING 2 scrolls of teleportation.
 10833 | Lair:1   | 10833 ||| DRINKING 2 potions of heal wounds.
 11070 | Lair:1   | 11070 ||| INVOKING Heroism.
 11137 | Lair:1   | 11137 ||| RIP GAUNTLET
 11139 | Lair:1   | 11139 ||| PLANNING LAIR
 11167 | Lair:1   | Noticed a death yak
 11167 | Lair:1   | Noticed a death yak
 11167 | Lair:1   | Noticed a death yak
 11168 | Lair:1   | 11168 ||| INVOKING Heroism.
 11169 | Lair:1   | Noticed a death yak
 11170 | Lair:1   | Noticed a death yak
 11173 | Lair:1   | Noticed a death yak
 11179 | Lair:1   | Killed a death yak
 11189 | Lair:1   | Killed a death yak
 11194 | Lair:1   | HP: 14/77 [death yak (10)]
 11194 | Lair:1   | HP: 5/77 [death yak (9)]
 11195 | Lair:1   | 11195 ||| READING scroll of teleportation.
 11196 | Lair:1   | 11196 ||| DRINKING potion of heal wounds.
 11389 | Lair:1   | 11389 ||| INVOKING Heroism.
 11418 | Lair:1   | 11418 ||| INVOKING Heroism.
 11419 | Lair:1   | Killed a death yak
 11428 | Lair:1   | Killed a death yak
 11428 | Lair:1   | Received a gift from Okawaru
 11442 | Lair:1   | Killed a death yak
 11443 | Lair:1   | Reached skill level 6 in Invocations
 11443 | Lair:1   | HP: 17/77 [death yak (13)]
 11446 | Lair:1   | 11446 ||| INVOKING Heroism.
 11449 | Lair:1   | HP: 15/77 [death yak (3)]
 11450 | Lair:1   | Killed a death yak
 11451 | Lair:1   | Reached skill level 16 in Ranged Weapons
 12071 | Lair:1   | 12071 ||| INVOKING Heroism.
 12094 | Lair:1   | Killed a death yak
 12101 | Lair:1   | 12101 ||| INVOKING Heroism.
 12107 | Lair:1   | HP: 2/78 [death yak (18)]
 12108 | Lair:1   | 12108 ||| READING scroll of teleportation.
 12110 | Lair:1   | Mangled by a death yak

Levels and vault maps discovered:
D:1:      tarquinn_simple_flora_water_f, layout_basic,
          hellmonk_ecumenical_altar_lost_god
D:2:      layout_rooms
D:3:      layout_basic, nicolae_uskayaw_suspiria, lemuel_crystal_altar,
          uniq_terence
D:4:      old_forge, layout_basic, mainiacjoe_overflow_24_doors,
          minmay_splitting_lines, uniq_ijyb
D:5:      layout_cave_pools, tgw_kikubaaqudgha, minmay_temple_entry_fiery,
          serial_shops, nicolae_take_the_stairs, minmay_hedge_maze,
          uniq_prince_ribbit1
D:6:      layout_loops_corners, lemuel_crystal_altar, kennysheep_generic_room_12
D:7:      layout_basic, kennysheep_slug_shrine, kennysheep_boxes, uniq_duvessa,
          uniq_joseph, uniq_pikel
D:8:      layout_basic, nicolae_ru_path_of_blood, mainiacjoe_overflow_alcove_1,
          gammafunk_ghost_hydra_chop, uniq_erica
D:9:      layout_loops_cross, ebering_ghost_inner_flame, serial_shops, shop,
          reono_crystal_passage
D:10:     layout_long_grid, lightli_temple_of_fire, ashenzari_altar_1,
          chequers_temple_overflow_statue_of_worship,
          nicolae_kite_square_tiling_tiny
D:11:     layout_loops_ring, due_lair_maze_entry_diamond, orc_0_dummy
Temple:   eino_wide_crystal_templ
Lair:1:   layout_loops_ring, gauntlet_entry_generic, grunt_megastairs_1

Skill      XL: |  1  2  3  4  5  6  7  8  9 10 11 12 |
---------------+-------------------------------------+-----
Ranged Weapons | 3 4 5 6 7 9 10 13 14 16 | 16.0
Fighting       | 2 3 4 6 7 8 10 | 10.4
Armour         | 1 3 4 5 |  5.1
Dodging        | 2 3 4 5 |  5.0
Invocations    | 4 7 |  7.0
Spellcasting   | |  1.0
Hexes          | |  2.6

Action                     |  1- 3 |  4- 6 |  7- 9 | 10-12 || total
---------------------------+-------+-------+-------+-------++-------
   Fire: Sling             |   137 |   203 |   271 |       ||   611
         Orcbow            |       |       |    87 |   915 ||  1002
 Invoke: Heroism           |       |       |     6 |    38 ||    44
    Use: Scroll            |     3 |     3 |    13 |    10 ||    29
         Potion            |       |     4 |     4 |     9 ||    17
 Armour: Robe              |     7 |       |       |       ||     7
         Ring mail         |    23 |   139 |   108 |   439 ||   709
  Dodge: Dodged            |    53 |   157 |   131 |   480 ||   821

Table legend:
 A = Non-vault XP
 B = Vault XP
 C = Vault XP percentage of total XP
 D = Non-vault monster count
 E = Vault monster count
 F = Vault count percentage of total count
                 A         B        C        D         E       F
            +---------+---------+-------+---------+---------+-------
      Total |   23978 |    6338 |  20.9 |     224 |      39 |  14.8
            +---------+---------+-------+---------+---------+-------
        D:1 |      29 |       0 |   0.0 |      17 |       0 |   0.0
        D:2 |      53 |       0 |   0.0 |      14 |       0 |   0.0
        D:3 |     123 |      36 |  22.6 |      15 |       1 |   6.2
        D:4 |      63 |     637 |  91.0 |       9 |      14 |  60.9
        D:5 |     712 |     268 |  27.3 |      15 |       1 |   6.2
        D:6 |     675 |       0 |   0.0 |      23 |       0 |   0.0
        D:7 |    1814 |    1331 |  42.3 |      27 |       5 |  15.6
        D:8 |    1357 |     836 |  38.1 |      18 |       1 |   5.3
        D:9 |    1362 |       0 |   0.0 |      20 |       0 |   0.0
       D:10 |    2967 |     544 |  15.5 |      16 |       2 |  11.1
       D:11 |    5099 |    1264 |  19.9 |      25 |       8 |  24.2
     Lair:1 |    9724 |    1422 |  12.8 |      25 |       7 |  21.9
            +---------+---------+-------+---------+---------+-------
